 Dungeon Crawl Stone Soup version 0.28-a0-312-gbced6e68ee (webtiles) character file.

Game seed: 1050202065584937019

13128 serber55 the Frost Mage (level 12, 0/141 HPs)
             Began as a Merfolk Ice Elementalist on Aug 30, 2021.
             Was a Priest of Vehumet.
             Engulfed by a cloud of freezing vapour (29 damage)
             ... on level 1 of the Orcish Mines.
             The game lasted 00:57:12 (12627 turns).

serber55 the Frost Mage (Merfolk Ice Elementalist) Turns: 12627, Time: 00:57:12

Health: 0/141      AC: 35    Str:  8    XL:     12   Next: 2%
Magic:  25/32      EV:  2    Int: 26    God:    Vehumet [***...]
Gold:   1172       SH:  0    Dex: 16    Spells: 4/26 levels left

rFire   + . .      SeeInvis .   r - +12 long sword "Mufich" {pain, Drain Fragile rN+++ Int+8}
rCold   . . .      Faith    .   (no shield)
rNeg    + + +      Spirit   .   (armour currently unavailable)
rPois   +          Reflect  .   (helmet currently unavailable)
rElec   .          Harm     .   (cloak currently unavailable)
rCorr   .          Rampage  .   (gloves currently unavailable)
Will    .....      NoTele   +   (boots currently unavailable)
Stlth   ++........              d - amulet of magic regeneration
HPRegen 0.33/turn               k - ring of protection from fire
MPRegen 0.48/turn               v - ring of magical power

@: mighty, ice-armoured, tree-form, freezing walls, slowed, very slow
A: stationary, stasis, torment immunity, boosted hp, (nimble swimmer 2),
(mertail)
a: Renounce Religion


You were on level 1 of the Orcish Mines.
You worshipped Vehumet.
Vehumet was most pleased with you.
You were a tree.
You visited 2 branches of the dungeon, and saw 12 of its levels.

You collected 2379 gold pieces.
You spent 1207 gold pieces at shops.

Inventory:

Hand Weapons
 a - the +6 trident "Lenoevae" {protect, rN+ Str+3}
   (You found it on level 5 of the Dungeon)

   It grants its wielder temporary protection when it strikes (+7 to AC).
   Str:       It affects your strength (+3).
   rN:        It protects you from negative energy.
 r - the +12 long sword "Mufich" (weapon) {pain, Drain Fragile rN+++ Int+8}
   (You bought it in a shop on level 2 of the Dungeon)

   In the hands of one skilled in necromantic magic, it inflicts extra damage on
   living creatures.
   Int:       It affects your intelligence (+8).
   rN:        It renders you almost immune to negative energy.
   Drain:     It drains your maximum health when unequipped.
   Fragile:   It will be destroyed if unequipped.
Missiles
 h - 33 poisoned darts (quivered)
 x - a throwing net
Armour
 e - a scarf of repulsion (melded)
 f - a +2 robe of willpower (melded)
 g - a +0 helmet (melded)
 y - a +2 pair of boots (melded)
Jewellery
 d - an amulet of magic regeneration (around neck)
 k - a ring of protection from fire (left branch)
 v - a ring of magical power (right branch)
Wands
 m - a wand of digging (9)
 s - a wand of iceblast (2)
 t - a wand of flame (34)
 u - a wand of charming (5)
 C - a wand of polymorph (4)
Scrolls
 c - 3 scrolls of enchant weapon
 i - a scroll of magic mapping
 j - 2 scrolls of noise
 n - 3 scrolls of teleportation
 o - a scroll of enchant armour
 p - a scroll of fog
 q - 3 scrolls of identify
 z - 3 scrolls of immolation
 A - a scroll of fear
Potions
 b - a potion of magic
 l - 3 potions of haste
 w - a potion of lignification
 B - 2 potions of flight


   Skills:
 + Level 8.8 Fighting
 + Level 6.3 Dodging
 - Level 2.1 Stealth
 + Level 7.8 Spellcasting
 + Level 8.2 Conjurations
 * Level 10.5 Ice Magic
 - Level 5.0 Air Magic


You had 4 spell levels left.
You knew the following spells:

 Your Spells              Type           Power      Damage    Failure   Level
a - Freeze                Ice            100%       1d11      1%          1
b - Frozen Ramparts       Ice            100%       1d12      1%          3
c - Ozocubu's Armour      Ice            60%        N/A       1%          3
d - Hailstorm             Conj/Ice       56%        3d12      1%          4
e - Passwall              Tmut/Erth      8%         N/A       9%          2
f - Magic Dart            Conj           100%       1d8       1%          1
g - Freezing Cloud        Conj/Ice/Air   25%        6-21      1%          5
h - Shock                 Conj/Air       100%       1d9       1%          1
i - Searing Ray           Conj           100%       3d7       1%          2

Your spell library contained the following spells:

 Spells                   Type           Power      Damage    Failure   Level
 Stone Arrow              Conj/Erth      62%        3d10      1%          3
 Poisonous Vapours        Pois/Air       46%        N/A       1%          2
 Swiftness                Air            36%        N/A       2%          3
 Corpse Rot               Necr/Air       N/A        N/A       3%          2
 Animate Skeleton         Necr           20%        N/A       6%          1
 Apportation              Tloc           20%        N/A       6%          1
 Corona                   Hex            11%        N/A       6%          1
 Pain                     Necr           40%        1d6       6%          1
 Summon Small Mammal      Summ           40%        N/A       6%          1
 Call Canine Familiar     Summ           10%        N/A       17%         3
 Gell's Gravitas          Tloc           5%         N/A       17%         3
 Lesser Beckoning         Tloc           10%        N/A       17%         3
 Summon Guardian Golem    Hex/Summ       10%        N/A       17%         3
 Teleport Other           Tloc           10%        N/A       17%         3
 Vampiric Draining        Necr           5%         2d6       17%         3
 Invisibility             Hex            5%         N/A       100%        6


Dungeon Overview and Level Annotations

Branches:
Dungeon (10/15)            Temple (0/1) D:6            Lair (0/6) D:10
    Orc (2/2) D:10
    Elf: Orc:2

Altars:
Ashenzari
Dithmenos
Elyvilon
Fedhas
Gozag
Kikubaaqudgha
Makhleb
Nemelex Xobeh
Okawaru
Qazlal
Ru
Sif Muna
Uskayaw
Vehumet
Xom
Zin
Beogh

Shops:
D:2 (   D:3 *


Innate Abilities, Weirdness & Mutations

You are a tree.
Your roots penetrate the ground, keeping you stationary.
You cannot be teleported.
You are immune to unholy pain and torment.
Your maximum health is greatly increased.
Your equipment is partially melded.
((You are quick and stealthy near water. (Stealth+, EV+, Speed+++)))
((Your lower body shifts to a powerful aquatic tail in water.))


Message History

Your icy armour and frozen ramparts will break if you move.
Continue?
Okay, then.
Really quaff the potion of lignification?
Really become a tree while standing in a cloud of freezing vapour?
You turn into a tree.
Your scarf of repulsion melds into your body.
Your +0 helmet melds into your body.
Your +2 pair of boots melds into your body.
Your +2 robe of willpower melds into your body.
The haze of the repulsion field disappears.
You feel less strong-willed.
Your roots penetrate the ground.
You are engulfed in freezing vapours.
The wraith resists.
The wall freezes the wraith.
The wraith hits you but does no damage.
The wraith is engulfed in freezing vapours.
The wraith hits you but does no damage.
The wraith is engulfed in freezing vapours.
The wraith resists.
The wall freezes the wraith.
You destroy the wraith!
Vehumet accepts your kill.
You feel your power returning. The ogre hits you but does no damage.
The wraith resists.
The wall freezes the wraith.
The wraith hits you. The wraith drains your vigour!
You feel as though you will be slow longer.
Unknown command.
You feel very mighty all of a sudden.
You are engulfed in freezing vapours.
* * * LOW HITPOINT WARNING * * *
The wraith is engulfed in freezing vapours.
The wraith hits you but does no damage. The ogre hits you but does no damage.
The wraith resists.
The wall freezes the wraith.
The wraith hits you.
* * * LOW HITPOINT WARNING * * *
The wraith drains your vigour!
You feel as though you will be slow longer.
The wraith hits you.
* * * LOW HITPOINT WARNING * * *
Unknown command.
You slash the ogre!
The ogre is heavily wounded.
You are engulfed in freezing vapours.
You die...

..# #.......#
##.........# ..#
##.....####.......####
.## #........#......##
## ##.............##
## ###.......#..## .#
##......#.## ##
#§§§..#### # ##§W§O.#
#.§§♣).# ##.##W##
###...# ##.## ###


You could see 2 wraiths and an ogre.

Vanquished Creatures
  Josephine (Orc:1)
  An ogre mage (Orc:2)
  A centaur warrior (D:10)
  Pikel (D:6)
  2 orc sorcerers (Orc:1)
  Joseph (D:7)
  Maggie (D:7)
  An unseen horror (D:10)
  2 trolls
  Prince Ribbit (D:7)
  Grinder (D:5)
  A shadow (D:10)
  3 wyverns
  2 wraiths
  A vampire (D:5)
  Sigmund (D:3)
  11 yaks
  2 steam dragons
  Edmund (D:5)
  2 wargs (Orc:1)
  5 water moccasins
  Duvessa (D:7)
  6 orc warriors
  2 black bears
  2 ogres
  3 centaurs (D:9)
  3 necrophages
  4 lemures (D:6)
  5 bullfrogs
  A kobold brigand (D:9)
  2 gnoll sergeants
  A wyvern zombie (D:5)
  2 scorpions
  Dowan (D:7)
  A wyvern skeleton (D:7)
  3 electric eels (D:7)
  12 wights (D:8)
  A howler monkey (D:10)
  A centaur zombie (D:5)
  3 lava snakes (D:9)
  2 bullfrog zombies
  A hound (D:5)
  2 centaur skeletons
  3 jellies
  A bullfrog skeleton (D:5)
  5 orc priests
  2 gnoll shamans (D:7)
  An iguana (D:5)
  Ijyb (D:3)
  9 orc wizards
  A statue (D:5)
  17 gnolls
  8 adders
  14 dart slugs
  34 orcs
  9 bats
  5 endoplasms
  2 giant cockroaches
  7 goblins
  2 hobgoblins
  9 jackals
  2 quokkas
  3 ball pythons
  A frilled lizard (D:1)
  11 kobolds
  11 rats
259 creatures vanquished.

Vanquished Creatures (collateral kills)
  A bullfrog (D:6)
  An iguana (D:6)
  A gnoll (D:6)
3 creatures vanquished.

Vanquished Creatures (others)
  A dart slug (D:7)
  2 bushes
  29 fungi (D:10)
  32 plants
64 creatures vanquished.

Grand Total: 326 creatures vanquished

Notes
Turn   | Place    | Note
-------+----------+-------------------------------------------
     0 | D:1      | serber55 the Merfolk Ice Elementalist began the quest for
                  | the Orb.
     0 | D:1      | Reached XP level 1. HP: 13/13 MP: 3/3
   197 | D:1      | Reached XP level 2. HP: 18/20 MP: 5/5
   480 | D:1      | Reached skill level 1 in Fighting
   749 | D:2      | Reached skill level 5 in Ice Magic
   749 | D:2      | Reached XP level 3. HP: 26/26 MP: 4/6
   755 | D:2      | Learned a level 3 spell: Frozen Ramparts
  1025 | D:2      | Found a faded altar of an unknown god.
  1424 | D:2      | Reached XP level 4. HP: 26/32 MP: 2/7
  1539 | D:2      | Found Gyfrekats's Antique Weapon Shoppe.
  1853 | D:3      | Found a shadowy altar of Dithmenos.
  1925 | D:3      | Learned a level 3 spell: Ozocubu's Armour
  2016 | D:3      | Found Uwohu's General Store.
  2019 | D:3      | Bought a scroll of enchant weapon for 75 gold pieces
  2162 | D:3      | Noticed Ijyb
  2177 | D:3      | Killed Ijyb
  2262 | D:3      | Noticed Sigmund
  2285 | D:3      | Killed Sigmund
  2286 | D:3      | Reached skill level 6 in Ice Magic
  2286 | D:3      | Reached XP level 5. HP: 39/40 MP: 0/9
  2286 | D:3      | Reached XP level 6. HP: 45/46 MP: 0/10
  2297 | D:3      | Learned a level 4 spell: Hailstorm
  2477 | D:3      | Found a hide-covered altar of Uskayaw.
  3290 | D:4      | Identified a scroll of acquirement
  3290 | D:4      | Acquired 1118 gold pieces
  3339 | D:3      | Bought a potion of berserk rage for 50 gold pieces
  3339 | D:3      | Bought a scroll of fog for 20 gold pieces
  3339 | D:3      | Bought a book of Burglary for 280 gold pieces
  3363 | D:2      | Bought a brightly glowing dagger for 203 gold pieces
  3363 | D:2      | Identified the +5 dagger "Lorem Ipsum" {drain, rF+ rN+
                  | Will+} (You bought it in a shop on level 2 of the Dungeon)
  3363 | D:2      | Bought a smouldering long sword for 246 gold pieces
  3363 | D:2      | Identified the +12 long sword "Mufich" {pain, Drain Fragile
                  | rN+++ Int+8} (You bought it in a shop on level 2 of the
                  | Dungeon)
  3363 | D:2      | Bought a translucent battleaxe for 333 gold pieces
  3363 | D:2      | Identified the +6 battleaxe "Tulam" {drain, rCorr Dex+2}
                  | (You bought it in a shop on level 2 of the Dungeon)
  3754 | D:4      | Reached skill level 7 in Ice Magic
  3754 | D:4      | Reached XP level 7. HP: 52/52 MP: 7/12
  4043 | D:4      | Learned a level 2 spell: Passwall
  4207 | D:5      | Entered Level 5 of the Dungeon
  4424 | D:5      | Reached skill level 1 in Conjurations
  4580 | D:5      | Noticed Edmund
  4588 | D:5      | Killed Edmund
  4672 | D:5      | Found a radiant altar of Vehumet.
  4706 | D:5      | Became a worshipper of Vehumet
  4786 | D:5      | Reached XP level 8. HP: 60/60 MP: 11/14
  4839 | D:5      | Noticed a vampire
  4869 | D:5      | Killed a vampire
  5068 | D:5      | Identified the +6 trident "Lenoevae" {protect, rN+ Str+3}
  5162 | D:5      | Noticed Grinder
  5188 | D:5      | Killed Grinder
  5241 | D:5      | Found a shimmering blue altar of Sif Muna.
  5312 | D:5      | Found a burning altar of Makhleb.
  5601 | D:6      | Reached skill level 5 in Fighting
  5616 | D:5      | Reached skill level 8 in Ice Magic
  5886 | D:6      | Reached skill level 5 in Spellcasting
  6006 | D:6      | Reached XP level 9. HP: 68/68 MP: 16/16
  6084 | D:6      | Noticed Pikel
  6101 | D:6      | Killed Pikel
  6102 | D:6      | Reached skill level 5 in Conjurations
  6176 | D:6      | Reached * piety under Vehumet
  6176 | D:6      | Offered knowledge of Magic Dart by Vehumet.
  6179 | D:6      | Learned a level 1 spell: Magic Dart
  6185 | D:6      | Learned a level 5 spell: Freezing Cloud
  6359 | D:6      | Found a staircase to the Ecumenical Temple.
  6525 | D:7      | Reached skill level 1 in Air Magic
  6812 | D:7      | Noticed Prince Ribbit
  6836 | D:7      | Killed Prince Ribbit
  7106 | D:7      | Found a sacrificial altar of Ru.
  7136 | D:7      | Found an opulent altar of Gozag.
  7147 | D:7      | Noticed Maggie
  7410 | D:7      | Reached XP level 10. HP: 72/77 MP: 18/18
  7457 | D:7      | Killed Maggie
  7602 | D:7      | Found a stormy altar of Qazlal.
  7721 | D:7      | Noticed Joseph
  7753 | D:7      | Killed Joseph
  7873 | D:7      | Identified the +7 ring mail of Oblivion {rPois rF+ Dex+4}
  8040 | D:7      | Noticed Dowan
  8041 | D:7      | Noticed Duvessa
  8046 | D:7      | Killed Duvessa
  8046 | D:7      | Killed Dowan
  8553 | D:8      | Found a shimmering altar of Xom.
  8613 | D:8      | Acquired 524 gold pieces
  8842 | D:8      | Offered knowledge of Shock by Vehumet.
  8845 | D:8      | Learned a level 1 spell: Shock
  8860 | D:8      | Found a blossoming altar of Fedhas.
  8964 | D:8      | Found an ancient bone altar of Kikubaaqudgha.
  9025 | D:8      | Found an iron altar of Okawaru.
  9213 | D:8      | Reached ** piety under Vehumet
  9499 | D:9      | Found a white marble altar of Elyvilon.
  9754 | D:9      | Found a sparkling altar of Nemelex Xobeh.
  9946 | D:9      | Found a glowing silver altar of Zin.
 10403 | D:9      | Found a broken altar of Ashenzari.
 10473 | D:9      | Offered knowledge of Searing Ray by Vehumet.
 10474 | D:9      | Reached skill level 5 in Air Magic
 10474 | D:9      | Reached XP level 11. HP: 85/85 MP: 21/21
 10875 | D:10     | Entered Level 10 of the Dungeon
 10888 | D:10     | Reached skill level 9 in Ice Magic
 10979 | D:10     | Found a staircase to the Lair.
 11011 | D:10     | Noticed a centaur warrior
 11016 | D:10     | Killed a centaur warrior
 11023 | D:10     | Reached *** piety under Vehumet
 11284 | D:10     | Reached skill level 5 in Dodging
 11446 | D:10     | Learned a level 2 spell: Searing Ray
 11519 | D:10     | Found a staircase to the Orcish Mines.
 11530 | D:10     | Offered knowledge of Stone Arrow by Vehumet.
 11981 | Orc:1    | Entered Level 1 of the Orcish Mines
 11984 | Orc:1    | Noticed an orc sorcerer
 11991 | Orc:1    | Killed an orc sorcerer
 12020 | Orc:1    | Noticed an orc sorcerer
 12024 | Orc:1    | Killed an orc sorcerer
 12025 | Orc:1    | Reached skill level 10 in Ice Magic
 12469 | Orc:2    | Entered Level 2 of the Orcish Mines
 12493 | Orc:2    | Noticed an ogre mage
 12494 | Orc:2    | Noticed Josephine
 12501 | Orc:2    | Noticed a two-headed ogre
 12501 | Orc:2    | Killed an ogre mage
 12510 | Orc:1    | Killed Josephine
 12511 | Orc:1    | Reached XP level 12. HP: 67/94 MP: 19/23
 12619 | Orc:2    | Noticed a two-headed ogre
 12627 | Orc:1    | Engulfed by a cloud of freezing vapour

Illustrated notes

Levels and vault maps discovered:
D:1:      dpeg_arrival_short_road, layout_rooms
D:2:      layout_rooms, hellmonk_ecumenical_altar_blasted, serial_shops, shop
D:3:      layout_basic, mainiacjoe_overflow_alcove_4, lemuel_doored_altar,
          serial_shops, shop, serial_forest, infiniplex_forest_corner_2,
          infiniplex_forest_end_2, infiniplex_forest_lined_2,
          infiniplex_forest_3_way, infiniplex_forest_clump_curved,
          infiniplex_forest_clump_large, infiniplex_forest_clump_medium,
          uniq_sigmund, uniq_ijyb
D:4:      wad_pebble_path, layout_loops_ring
D:5:      layout_cave_pools, mainiacjoe_overflow_24_doors,
          lemuel_blue_sif_altar, vehumet_statue, uniq_edmund, uniq_grinder
D:6:      layout_cave_pools, temple_pool_b, uniq_pikel
D:7:      kennysheep_slugbush, layout_layer_cave, jmf_multi_god_temple,
          lemuel_coloured_pillars_altar, uniq_joseph, uniq_maggie,
          uniq_prince_ribbit1, uniq_duvessa
D:8:      layout_gridville, old_standard_altar, kennysheep_little_box,
          nicolae_overflow_crystal_walls, kennysheep_mini_moat
D:9:      layout_basic, mainiacjoe_overflow_catch_the_wave,
          mainiacjoe_overflow_cross_hatched, mainiacjoe_overflow_tiny_flanked
D:10:     layout_loops_cross, due_lair_maze_entry_diamond,
          minmay_orc_entry_temple_small
Orc:1:    layout_diamond_mine, mines1_david
Orc:2:    grunt_orc_community_town_hall, layout_caves,
          grunt_orc_community_big_house_2, grunt_orc_community_big_house_1,
          grunt_orc_community_house_1, grunt_orc_community_house_2,
          grunt_orc_community_house_1, grunt_orc_community_house_2,
          serial_shops, nicolae_lakefront_shop, abandoned_shop,
          minmay_shop_mass, minmay_orc_temple_c, uniq_sonja, uniq_josephine

Skill      XL: |  1  2  3  4  5  6  7  8  9 10 11 |
---------------+----------------------------------+-----
Fighting       | 1 2 3 4 5 6 7 8 |  8.8
Ice Magic      | 5 6 7 8 10 | 10.5
Spellcasting   | 3 4 5 6 7 |  7.8
Dodging        | 3 6 |  6.3
Conjurations   | 2 4 6 7 8 |  8.2
Air Magic      | 2 5 |  5.0
Stealth        | |  2.1

Action                   |  1- 3 |  4- 6 |  7- 9 | 10-12 || total
-------------------------+-------+-------+-------+-------++-------
Melee: Spear             |    83 |    15 |       |       ||    98
       Staff             |       |    16 |       |       ||    16
       Scythe            |       |    38 |       |       ||    38
       Long sword        |       |    11 |   130 |    59 ||   200
Throw: Dart              |     1 |    13 |     7 |     3 ||    24
 Cast: Freeze            |    20 |     4 |       |     2 ||    26
       Frozen Ramparts   |     1 |    11 |    19 |    24 ||    55
       Ozocubu's Armour  |       |     6 |    17 |    26 ||    49
       Hailstorm         |       |       |    12 |    21 ||    33
       Magic Dart        |       |       |     9 |     4 ||    13
       Freezing Cloud    |       |       |       |    56 ||    56
       Shock             |       |       |       |     2 ||     2
       Searing Ray       |       |       |       |     1 ||     1
Evoke: Wand              |       |       |    13 |       ||    13
  Use: Potion            |       |     1 |     4 |     2 ||     7
       Scroll            |       |     9 |     6 |     3 ||    18
 Stab: Sleeping          |     4 |     3 |     2 |       ||     9
       Distracted        |     1 |       |       |       ||     1
Armor: Robe              |    12 |    33 |    48 |    26 ||   119
       Skin              |       |       |       |     5 ||     5
Dodge: Dodged            |    53 |    45 |   118 |    90 ||   306
       Repelled          |     1 |       |     7 |     3 ||    11

Table legend: (Time is in decaauts)
 A = Elapsed time spent in this place.
 B = Non-inter-level travel time spent in this place.
 C = Inter-level travel time spent in this place.
 D = Time resting spent in this place.
 E = Time spent auto-exploring this place.
 F = Levels seen in this place.
 G = Mean time per level.
                   A        B        C        D        E       F      G
               +--------+--------+--------+--------+--------+-----+--------+
         Total |  12744 |  12305 |    439 |   3486 |   6738 |  12 | 1062.0 |
       Dungeon |  12081 |  11643 |    438 |   3317 |   6373 |  10 | 1208.1 |
  Orcish Mines |    663 |    663 |      0 |    169 |    365 |   2 |  331.5 |
               +--------+--------+--------+--------+--------+-----+--------+

Top non-repeatable levels by time:
     D:3: 1747 daAuts
     D:7: 1723 daAuts
     D:5: 1446 daAuts
     D:9: 1401 daAuts
    D:10: 1111 daAuts
     D:2: 1072 daAuts
     D:8: 1049 daAuts
     D:4: 915 daAuts
     D:6: 895 daAuts
     D:1: 719 daAuts
   Orc:1: 616 daAuts
   Orc:2: 46 daAuts
